 Dungeon Crawl Stone Soup version 0.25-a0-589-g1e14c549ee (webtiles) character file.

Game seed: 13263692731829224186, levelgen mode: deterministic

155 Anathary the Firebug (level 5, -2/36 HPs)
             Began as a Demonspawn Fire Elementalist on Mar 12, 2020.
             Slain by a gnoll
             ... wielding a +0 flail
              (10 damage)
             ... on level 2 of the Dungeon.
             The game lasted 00:15:11 (2606 turns).

Anathary the Firebug (Demonspawn Fire Elementalist) Turns: 2606, Time: 00:15:12

Health: -2/36      AC:  5    Str:  9    XL:     5   Next: 14%
Magic:  0/9        EV: 12    Int: 17    God:
Gold:   117        SH:  0    Dex: 13    Spells: 9/10 levels left

rFire    . . .     SeeInvis .   d - -3 whip (curse)
rCold    . . .     Gourm    .   (no shield)
rNeg     . . .     Faith    .   a - +0 robe
rPois    .         Spirit   +   (helmet restricted)
rElec    .         Reflect  .   h - +0 cloak
rCorr    .         Harm     .   (no gloves)
MR       .....                  (no boots)
Stlth    ++........             (no amulet)
HPRegen  0.12/turn              (no ring)
MPRegen  0.11/turn              (no ring)

@: no status effects
A: antennae 2, slimy green scales 1, magic shield
a: no special abilities


You were on level 2 of the Dungeon.
You were not hungry.

You visited 1 branch of the dungeon, and saw 2 of its levels.

You collected 117 gold pieces.

Inventory:

Hand Weapons
 d - a cursed -3 whip (weapon)
 j - a +2 dagger of venom
Armour
 a - a +0 robe (worn)
 h - a +0 cloak (worn)
Scrolls
 b - 2 scrolls of remove curse {unknown}
 c - a scroll of fog {unknown}
 e - a scroll of magic mapping {unknown}
 g - a scroll of identify {unknown}
 i - a scroll of teleportation {unknown}
Potions
 f - a potion of lignification {unknown}


   Skills:
 - Level 0.3 Fighting
 - Level 1.0 Maces & Flails
 - Level 1.7 Dodging
 - Level 1.7 Stealth
 + Level 3.3 Spellcasting
 + Level 2.4 Conjurations
 + Level 3.7 Fire Magic


You had 9 spell levels left.
You knew the following spells:

 Your Spells              Type           Power        Failure   Level  Hunger
a - Foxfire               Conj/Fire      ##..         4%          1    None

Your spell library contained the following spells:

 Spells                   Type           Power        Failure   Level  Hunger
 Conjure Flame            Conj/Fire      ##......     14%         3    ###....
 Inner Flame              Hex/Fire       #.......     24%         3    ###....
 Sticky Flame             Conj/Fire      ##......     43%         4    ####...
 Fireball                 Conj/Fire      ##........   80%         5    ######.


Dungeon Overview and Level Annotations

Branches:
Dungeon (2/15)

Altars:
Xom


Innate Abilities, Weirdness & Mutations

You have a pair of antennae on your head.
You are partially covered in slimy green scales. (AC +2)
When hurt, damage is shared between your health and your magic reserves.


Message History

The foxfire hits the gnoll.
The gnoll is severely wounded.
The foxfire hits the gnoll.
The gnoll is almost dead.
Casting: Foxfire (safe; 4% risk of failure)
Confirm with . or Enter, or press ? or * to list all spells.
You don't have enough magic to cast that spell.
Casting: Foxfire (safe; 4% risk of failure)
Confirm with . or Enter, or press ? or * to list all spells.
You conjure some foxfire!
The gnoll hits you from afar with a +0 spear!
* * * LOW HITPOINT WARNING * * *
The foxfire hits the gnoll.
You kill the gnoll!
The foxfire hits the gnoll.
The gnoll is lightly wounded.
Casting: Foxfire (safe; 4% risk of failure)
Confirm with . or Enter, or press ? or * to list all spells.
You conjure some foxfire!
The gnoll hits you with a +0 flail!
You die...

#######.####
#..###...##.
#.# #.##
#.####. #.#
####.# ###
#. #.#
#....# #.
#.# #.####
#. #.# ###.#
#.## ##...#
#..# #vv###
##.# #@##
#)# #g#
##.####.#
#...##..#
#...##.##
#......#
#..[####
#...# #####


You could see a gnoll.

Vanquished Creatures
  Jessica (D:2)
  Robin (D:1)
  3 gnolls (D:2)
  3 adders (D:2)
  An ooze (D:1)
  A worm (D:2)
  A dart slug (D:1)
  A leopard gecko (D:1)
  6 bats
  A giant cockroach (D:1)
  14 goblins
  6 hobgoblins
  4 jackals (D:1)
  2 kobolds (D:2)
  2 frilled lizards (D:1)
  6 rats (D:1)
53 creatures vanquished.

Vanquished Creatures (others)
  123 foxfires
123 creatures vanquished.

Grand Total: 176 creatures vanquished

Notes
Turn   | Place    | Note
-------+----------+-------------------------------------------
     0 | D:1      | Anathary the Demonspawn Fire Elementalist began the quest
                  | for the Orb.
     0 | D:1      | Reached XP level 1. HP: 13/13 MP: 3/3
   251 | D:1      | Gained mutation: You are partially covered in slimy green
                  | scales. (AC +2) [demonic ancestry]
   251 | D:1      | Reached XP level 2. HP: 19/19 MP: 3/5
   797 | D:1      | Gained mutation: You have a pair of small antennae on your
                  | head. [demonic ancestry]
   797 | D:1      | Reached XP level 3. HP: 24/24 MP: 3/6
  1661 | D:2      | Noticed Robin
  1665 | D:2      | Gained mutation: You have a pair of antennae on your head.
                  | [demonic ancestry]
  1665 | D:2      | Reached XP level 4. HP: 29/30 MP: 4/8
  1683 | D:2      | Reached skill level 1 in Maces & Flails
  2001 | D:1      | Killed Robin
  2537 | D:2      | Noticed Jessica
  2540 | D:2      | Killed Jessica
  2565 | D:2      | Found a shimmering altar of Xom.
  2577 | D:2      | Gained mutation: When hurt, damage is shared between your
                  | health and your magic reserves. [demonic ancestry]
  2577 | D:2      | Reached XP level 5. HP: 21/36 MP: 3/9
  2606 | D:2      | Slain by a gnoll

Levels and vault maps discovered:
D:1:      scummos_arrival_gate, layout_basic
D:2:      layout_rooms, lemuel_round_altar, first_ration, minivault_25,
          xom_teletrap_fun, uniq_jessica, uniq_robin

Skill      XL: |  1  2  3  4 |
---------------+-------------+-----
Fire Magic     | 3 |  3.7
Maces & Flails | 1 |  1.0
Spellcasting   | 3 |  3.3
Conjurations   | 2 |  2.4
Fighting       | |  0.3
Dodging        | |  1.7
Stealth        | |  1.7

Action                   |  1- 3 |  4- 6 || total
-------------------------+-------+-------++-------
Melee: Unarmed           |     1 |       ||     1
       Whip              |    26 |     8 ||    34
 Cast: Foxfire           |    51 |    31 ||    82
  Eat: Ration            |     1 |     1 ||     2
Armor: Robe              |    15 |     9 ||    24
Dodge: Dodged            |    44 |    24 ||    68

Table legend:
 A = Non-vault XP
 B = Vault XP
 C = Vault XP percentage of total XP
 D = Non-vault monster count
 E = Vault monster count
 F = Vault count percentage of total count
                 A         B        C        D         E       F
            +---------+---------+-------+---------+---------+-------
      Total |     148 |      74 |  33.3 |      39 |      14 |  26.4
            +---------+---------+-------+---------+---------+-------
        D:1 |      54 |      23 |  29.9 |      27 |       5 |  15.6
        D:2 |      94 |      51 |  35.2 |      12 |       9 |  42.9
            +---------+---------+-------+---------+---------+-------
